 Dungeon Crawl Stone Soup version 0.25.1-2-g60ff931df9 (webtiles) character file.

Game seed: 5114921261118115521

114 DogServant the Shooter (level 4, -1/38 HPs)
             Began as a Centaur Hunter on Oct 15, 2020.
             Slain by a kobold (4 damage)
             ... on level 3 of the Dungeon.
             The game lasted 00:04:19 (3425 turns).

DogServant the Shooter (Centaur Hunter)             Turns: 3425, Time: 00:04:20

Health: -1/38      AC:  6    Str: 15    XL:     4   Next: 66%
Magic:  4/4        EV:  9    Int: 10    God:
Gold:   132        SH:  0    Dex: 10    Spells: 3/3 levels left

rFire    . . .     SeeInvis .   o - +0 glaive
rCold    . . .     Gourm    .   (shield currently unavailable)
rNeg     . . .     Faith    .   c - +1 leather armour
rPois    .         Spirit   .   l - +0 helmet
rElec    .         Reflect  .   (no cloak)
rCorr    .         Harm     .   (no gloves)
MR       .....                  (no barding)
Stlth    +.........             (no amulet)
HPRegen  0.12/turn              (no ring)
MPRegen  0.09/turn              (no ring)

@: lethally poisoned (-1 -> -1), very quick
A: large, hooves 3, deformed body, speed 2, tough skin 3
a: no special abilities


You were on level 3 of the Dungeon.
You were not hungry.

You visited 1 branch of the dungeon, and saw 3 of its levels.
You also visited: Sewer.

You collected 132 gold pieces.

Inventory:

Hand Weapons
 a - a +1 shortbow
 o - a +0 glaive (weapon)
Missiles
 d - 21 arrows
 j - 73 bolts
Armour
 c - a +1 leather armour (worn)
 l - a +0 helmet (worn)
Scrolls
 b - a scroll of remove curse
 e - a scroll of enchant armour
 h - a scroll of identify
 k - a scroll of fear {unknown}
 m - 2 scrolls of teleportation
 n - a scroll of blinking {unknown}
 t - a scroll of magic mapping
 u - a scroll of fog {unknown}
Potions
 g - a potion of stabbing
 i - a potion of ambrosia
 q - a potion of brilliance
 s - 2 potions of magic
Comestibles
 f - 7 rations
 p - 5 chunks of flesh


   Skills:
 - Level 3.0 Fighting
 + Level 1.8 Polearms
 + Level 6.8 Bows
 - Level 1.3 Dodging
 - Level 0.4 Stealth


You had 3 spell levels left.
You didn't know any spells.
Your spell library was empty.

Dungeon Overview and Level Annotations

Branches:
Dungeon (3/15)              Sewer (visited)

Altars:
Ashenzari


Innate Abilities, Weirdness & Mutations

You have hooves in place of feet.
Armour fits poorly on your strangely shaped body.
You cover ground very quickly.
You have extremely tough skin. (AC +3)


Message History

You feel sick. The kobold barely misses you.
The kobold hits you but does no damage. The kobold hits you.
* * * LOW HITPOINT WARNING * * *
You slash the kobold!
You kill the kobold!
The kobold closely misses you. The kobold hits you but does no damage.
You closely miss the kobold. Your kick misses the kobold.
You feel sick. The kobold barely misses you.
The kobold hits you with a +0 club.
* * * LOW HITPOINT WARNING * * *
The kobold closely misses you.
Okay, then.
Okay, then.
You barely miss the kobold. Your kick misses the kobold.
The kobold barely misses you.
The kobold hits you but does no damage. x2
You barely miss the kobold. You kick the kobold.
The kobold is severely wounded.
You feel sick. The kobold hits you.
* * * LOW HITPOINT WARNING * * *
The kobold misses you. The kobold hits you.
You die...

#.#....<# #<#...#
#.####### ####.###.#
#...# #.......<#
###.#######.####.####
...................>#
###########...##.##.#
******** ######.##.#
,,,,**,*####** #....#
,,,,*,*,#....**#@.###
,,,,*,*,#.....##KK#
,,,,*,*+#......(.(#
,,,,*,*,......)'..#
,,,,*,*,.).....'.##
,,,,*,*,......##.#
,,,,+**,...!.#*###
,,,,****#####* *****


You could see 2 kobolds.

Vanquished Creatures
  3 adders
  An ooze (D:2)
  A worm (D:3)
  An orc (D:3)
  5 bats
  2 giant cockroaches (D:3)
  6 goblins
  6 hobgoblins
  9 jackals
  2 quokkas (D:3)
  8 ball pythons
  6 frilled lizards
  10 kobolds
  16 rats
  A plant (Sewer)
77 creatures vanquished.

Vanquished Creatures (others)
  9 toadstools (D:3)
9 creatures vanquished.

Grand Total: 86 creatures vanquished

Notes
Turn   | Place    | Note
-------+----------+-------------------------------------------
     0 | D:1      | DogServant the Centaur Hunter began the quest for the Orb.
     0 | D:1      | Reached XP level 1. HP: 17/17 MP: 1/1
   400 | D:1      | Reached XP level 2. HP: 22/25 MP: 2/2
  1358 | D:2      | Reached skill level 6 in Bows
  1369 | D:2      | Reached XP level 3. HP: 30/30 MP: 3/3
  1919 | D:3      | Reached skill level 1 in Polearms
  1943 | D:3      | Found a glowing drain.
  1952 | Sewer    | Entered a sewer
  2042 | Sewer    | Reached XP level 4. HP: 34/38 MP: 4/4
  3333 | D:3      | Found a shattered altar of Ashenzari.
  3425 | D:3      | Slain by a kobold

Illustrated notes

Levels and vault maps discovered:
D:1:      nzn_arrival_depleted_hourglass, layout_basic
D:2:      layout_loops_cross
D:3:      cheibrodos_fertilizer, layout_basic, lemuel_crystal_altar,
          gup_sewer_entry_bubbles, first_ration, saegor_snake_ambush

Skill      XL: |  1  2  3 |
---------------+----------+-----
Bows           | 6 |  6.8
Fighting       | 3 |  3.0
Polearms       | 1 |  1.8
Dodging        | |  1.3
Stealth        | |  0.4

Action                   |  1- 3 |  4- 6 || total
-------------------------+-------+-------++-------
Melee: Short sword       |    64 |       ||    64
       Kick              |    12 |    18 ||    30
       Glaive            |    56 |   106 ||   162
 Fire: Shortbow          |    27 |       ||    27
  Use: Scroll            |     6 |       ||     6
       Potion            |       |     4 ||     4
  Eat: Chunk             |     3 |     2 ||     5
       Ration            |       |     1 ||     1
Armor: Leather armour    |    49 |    68 ||   117
       Skin              |       |     8 ||     8
Dodge: Dodged            |    71 |    57 ||   128
